 Dungeon Crawl Stone Soup version 0.31-a0-833-gc15d34cb79 (webtiles) character file.

Game seed: 16877559833963145028

6631 quinnr the Tainter (level 11, -7/66 HPs)
             Began as a Tengu Venom Mage on Sept 25, 2023.
             Was a Believer of Vehumet.
             Mangled by a troll (17 damage)
             ... on level 9 of the Dungeon.
             The game lasted 00:31:09 (11289 turns).

quinnr the Tainter (Tengu Venom Mage)              Turns: 11289, Time: 00:31:09

Health: -7/66      AC:  4    Str:  9    XL:     11   Next: 2%
Magic:  14/18      EV: 19    Int: 20    God:    Vehumet [**....]
Gold:   210        SH:  0    Dex: 14    Spells: 6/19 levels left

rFire   . . .        A - staff of death {!a}
rCold   . . .        (no shield)
rNeg    + + .        a - +0 robe
rPois   +            (helmet restricted)
rElec   .            t - +0 cloak
rCorr   .            n - +0 pair of gloves
SInv    .            (boots unavailable)
Will    .....        k - amulet of magic regeneration
Stlth   +++          P - ring of poison resistance
HPRegen 0.31/turn    N - ring of positive energy
MPRegen 0.56/turn

%: acrobat
@: flying
A: beak, talons 3, evasive flight, acrobatic
a: Renounce Religion


You were on level 9 of the Dungeon.
You worshipped Vehumet.
Vehumet was pleased with you.
You visited 2 branches of the dungeon, and saw 11 of its levels.

You collected 482 gold pieces.
You spent 272 gold pieces at shops.


Innate Abilities, Weirdness & Mutations

You have a beak for a mouth.
You have claws for feet.
Your magical flight helps you evade attacks. (EV +4)
You can magically evade attacks while moving or waiting.


   Skills:
 - Level 6.4 Fighting
 - Level 7.1 Dodging
 - Level 5.6 Stealth
 - Level 4.5 Spellcasting
 - Level 3.0 Conjurations
 + Level 2.0 Transmutations
 + Level 2.1 Fire Magic
 - Level 4.0 Air Magic
 + Level 10.5 Poison Magic
 - Level 4.0 Evocations


You had 6 spell levels left.
You knew the following spells:

 Your Spells              Type           Power      Damage    Failure   Level
m - Mephitic Cloud        Conj/Pois/Air  27%        N/A       3%          3
o - Olgreb's Toxic Radia  Pois           46%        N/A       1%          4
p - Poisonous Vapours     Pois/Air       66%        N/A       1%          2
z - Sting                 Tmut/Pois      100%       1d8       1%          1
X - Ignite Poison         Fire/Tmut/Pois 24%        N/A       4%          3

Your spell library contained the following spells:

 Spells                   Type           Power      Damage    Failure   Level
 Searing Ray              Conj           32%        2d5       5%          2
 Magic Dart               Conj           64%        1d6       3%          1
 Wereblood                Tmut           12%        N/A       9%          2
 Summon Small Mammal      Summ           16%        N/A       12%         1
 Call Imp                 Summ           8%         N/A       19%         2
 Dazzling Flash           Conj/Hex       20%        N/A       21%         3
 Call Canine Familiar     Summ           4%         N/A       36%         3
 Frozen Ramparts          Ice            8%         1d2       36%         3
 Summon Guardian Golem    Hex/Summ       4%         N/A       36%         3
 Sticky Flame             Conj/Fire      14%        2d4       38%         4
 Petrify                  Tmut/Erth      8%         N/A       63%         4
 Irradiate                Conj/Tmut      7%         3d14      77%         5
 Silence                  Hex/Air        6%         N/A       83%         5
 Agony                    Necr           6%         N/A       98%         5
 Metabolic Englaciation   Hex/Ice        2%         N/A       98%         5
 Ignition                 Fire           6%         3d4       100%        8

Inventory:

Hand Weapons
 c - a +0 short sword
Armour
 a - a +0 robe (worn)
 n - a +0 pair of gloves (worn)
 t - a +0 cloak (worn)
Magical Staves
 A - a staff of death (weapon) {!a}
Jewellery
 k - an amulet of magic regeneration (around neck)
 D - a +6 ring of dexterity
 N - a ring of positive energy (right hand)
 P - a ring of poison resistance (left hand)
Wands
 i - a wand of charming (6)
 p - a wand of light (1)
 y - a wand of roots (4)
Scrolls
 e - 3 scrolls of enchant armour {unknown}
 g - a scroll of immolation {unknown}
 j - 3 scrolls of poison
 o - 4 scrolls of teleportation {@r2}
 q - 2 scrolls of blinking {unknown}
 x - a scroll of fog {unknown}
 z - a scroll of revelation {unknown}
Potions
 b - 2 potions of magic
 d - a potion of ambrosia
 f - 4 potions of curing {@q1}
 h - a potion of berserk rage {!q}
 l - 3 potions of haste {@q3}
 r - a potion of lignification
 s - 2 potions of degeneration
 u - a potion of heal wounds {@q2}
 v - a potion of might
 w - 2 potions of enlightenment

Dungeon Overview and Level Annotations

Branches:
Dungeon (10/15)            Temple (1/1) D:7             Orc (0/2) D:9
   Lair: D:8-11

Altars:
Ashenzari
Cheibriados
Dithmenos
Elyvilon
Fedhas
Gozag
Hepliaklqana
Kikubaaqudgha
Makhleb
Nemelex Xobeh
Okawaru
Qazlal
Ru
Sif Muna
Trog
Uskayaw
Vehumet
Wu Jian
Xom
Yredelemnul
Zin
The Shining One
Jiyva

Shops:
D:5 !   D:7 ?

Annotations:
D:5 stairvault
D:6 3 runed translucent doors, Dittersdorf's ghost, novice GrFi
D:9 3 runed translucent doors, scionoferis's ghost, novice HOMo

▒............▒▒▒▒▒▒▒▒......▒
▒............▒ ▒.......
▒▒▒▒▒▒▒▒▒▒...▒ ▒.......
▒...▒ ▒.......
▒...▒▒▒▒▒▒▒▒.......
▒.........)........
▒.......#####......
▒.[.....# #...... ▒.@[○.[.#
#...... ▒YT.○...# #......
▒.○○○[[.#####......
▒>○☼☼..............
▒▒▒▒▒▒▒▒▒▒▒▒▒▒▒.... ▒....
▒.... ▒.... ▒....


You could see a yak and a troll.


Message History

The troll claws you.
You fly upwards.
Level annotation: 3 runed translucent doors, scionoferis's ghost, novice HOMo
There is a stone staircase leading down here.
The yak misses you. The troll barely misses you.
The troll completely misses you. x2
The troll completely misses you. x2; The troll claws you!
The yak attacks as it pursues you! The yak gores you.
Casting: Poisonous Vapours (safe; 1% risk of failure)
Confirm with . or Enter, or press ? or * to list all spells.
Aiming: Mephitic Cloud (dangerous; 3% risk of failure)
Press: ? - help, Shift-Dir - straight line The ball explodes into a vile cloud!
The stinking cloud engulfs the troll but does no damage.
The troll bites you!
* * * LOW HITPOINT WARNING * * *
The troll misses you. The troll claws you.
* * * LOW HITPOINT WARNING * * *
The yak closely misses you.
Unknown command.
Casting: Mephitic Cloud (dangerous; 3% risk of failure)
Confirm with . or Enter, or press ? or * to list all spells.
Aiming: Mephitic Cloud (dangerous; 3% risk of failure)
Press: ? - help, Shift-Dir - straight line The ball explodes into a vile cloud!
The stinking cloud engulfs the troll but does no damage.
The yak gores you!
* * * LOW HITPOINT WARNING * * *
The troll bites you!
You die...

Skill      XL: |  1  2  3  4  5  6  7  8  9 10 11 |
---------------+----------------------------------+-----
Conjurations   | 1 2 3 |  3.0
Spellcasting   | 3 4 |  4.5
Air Magic      | 1 2 3 4 |  4.0
Poison Magic   | 4 6 8 10 | 10.5
Dodging        | 3 5 6 7 |  7.1
Stealth        | 3 4 5 |  5.6
Evocations     | 2 4 |  4.0
Fighting       | 3 5 6 |  6.4
Transmutations | 1 2 |  2.0
Fire Magic     | 1 2 |  2.1

Action                     |  1- 3 |  4- 6 |  7- 9 | 10-12 || total
---------------------------+-------+-------+-------+-------++-------
  Melee: Short sword       |    23 |    31 |    33 |    35 ||   122
         Peck              |     1 |     6 |     9 |     6 ||    22
         Kick              |     4 |    10 |    10 |    13 ||    37
         Punch             |     1 |       |     1 |       ||     2
   Cast: Sting             |    68 |    40 |    52 |    38 ||   198
         Poisonous Vapours |    12 |    39 |    97 |    53 ||   201
         Mephitic Cloud    |       |     6 |    12 |    12 ||    30
         Olgreb's Toxic Ra |       |       |     8 |    13 ||    21
  Evoke: Wand              |       |       |    27 |     9 ||    36
    Use: Potion            |     1 |       |     1 |       ||     2
         Scroll            |     3 |       |     4 |     3 ||    10
   Stab: Confused          |       |     1 |       |     2 ||     3
         Distracted        |       |       |     1 |       ||     1
         Invisible         |       |       |       |     2 ||     2
 Armour: Robe              |    32 |    12 |    40 |    37 ||   121
  Dodge: Dodged            |    38 |    14 |    78 |    93 ||   223

Levels and vault maps discovered:
D:1:      saegor_arrival_fortress, layout_loops_ring
D:2:      layout_basic, dreamdust_ecumenical_altar_grove, serial_bayou_crossing
D:3:      layout_basic, nemelex_dance_club_becter, old_standard_altar,
          mainiacjoe_overflow_small_starburst
D:4:      layout_basic, mainiacjoe_overflow_alcove_4,
          amcnicky_mini_rare_corridor_liquid
D:5:      layout_loops_corners, nicolae_overflow_hidden_temple,
          lemuel_doored_altar, mainiacjoe_overflow_concentric_impassable,
          ebering_ghost_sewer_d, serial_shops, shop, uniq_grinder, uniq_edmund
D:6:      minmay_chambers_of_sixes, layout_cave_pods, serial_column_ruins,
          column_ruins_corridor_corner, column_ruins_corridor_dead_end,
          column_ruins_open_tiny, column_ruins_open_small,
          column_ruins_corridor_straight, biasface_ghost_orc_armoury,
          uniq_eustachio, uniq_jeremiah, uniq_menkaure
D:7:      layout_basic, minmay_temple_entry_nine_rooms, serial_shops, shop,
          minivault_25, uniq_crazy_yiuf_cottage
D:8:      layout_basic, nicolae_qazlal_scattered_showers, lemuel_round_altar
D:9:      layout_irregular_city, old_standard_altar, orc_0_dummy,
          gammafunk_ghost_ooze
D:10:     minmay_four_partial_circles, layout_long_grid, serial_rivers,
          chequers_serial_rivers_micro_c, chequers_serial_rivers_small_3,
          chequers_serial_rivers_micro_e, chequers_serial_rivers_large_b,
          chequers_serial_rivers_micro_d, ebering_ghost_disaster_area
Temple:   nicolae_temple_bog_church

Notes
Turn   | Place    | Note
-------+----------+-------------------------------------------
     0 | D:1      | quinnr the Tengu Venom Mage began the quest for the Orb.
     0 | D:1      | Reached XP level 1. HP: 10/10 MP: 4/4
   330 | D:1      | Reached XP level 2. HP: 13/15 MP: 1/6
   645 | D:1      | Reached XP level 3. HP: 19/19 MP: 2/7
  1203 | D:1      | Learned a level 3 spell: Mephitic Cloud
  1206 | D:1      | Learned a level 2 spell: Poisonous Vapours
  1802 | D:2      | Found a faded altar of an unknown god.
  2010 | D:2      | Reached XP level 4. HP: 19/24 MP: 3/9
  2282 | D:3      | Found a shimmering blue altar of Sif Muna.
  2297 | D:3      | Reached skill level 1 in Conjurations
  2336 | D:3      | Found a broken altar of Ashenzari.
  2392 | D:3      | Reached skill level 3 in Spellcasting
  2392 | D:3      | Reached skill level 1 in Air Magic
  2747 | D:3      | Reached skill level 4 in Poison Magic
  2747 | D:3      | Found a sparkling altar of Nemelex Xobeh.
  2786 | D:3      | Reached XP level 5. HP: 28/28 MP: 3/10
  2828 | D:3      | Learned a level 4 spell: Olgreb's Toxic Radiance
  3728 | D:2      | Reached skill level 2 in Conjurations
  3818 | D:2      | Found a faded altar of an unknown god.
  4486 | D:4      | Found a glowing silver altar of Zin.
  4574 | D:4      | Reached skill level 2 in Air Magic
  4576 | D:4      | Reached skill level 3 in Dodging
  4585 | D:4      | Reached skill level 3 in Stealth
  4585 | D:4      | Reached XP level 6. HP: 32/32 MP: 9/11
  4998 | D:5      | Entered Level 5 of the Dungeon
  5121 | D:5      | Reached skill level 3 in Conjurations
  5121 | D:5      | Reached skill level 3 in Air Magic
  5168 | D:5      | Found a sacrificial altar of Ru.
  5335 | D:5      | Gained mutation: Your magical flight helps you evade
                  | attacks. (EV +4) [Tengu growth]
  5335 | D:5      | Reached XP level 7. HP: 29/36 MP: 8/12
  5548 | D:5      | Noticed Grinder
  5551 | D:5      | Killed Grinder
  5552 | D:5      | Reached skill level 4 in Stealth
  5552 | D:5      | Reached skill level 4 in Air Magic
  5552 | D:5      | Reached skill level 5 in Poison Magic
  5693 | D:5      | Reached skill level 6 in Poison Magic
  5775 | D:5      | Found a runed translucent door.
  5780 | D:5      | Noticed knightboat's ghost (amateur VSBr)
  5810 | D:5      | Found Mumof's Distillery.
  5813 | D:5      | Found a hide-covered altar of Uskayaw.
  5817 | D:5      | Bought a potion of heal wounds for 65 gold pieces
  5817 | D:5      | Bought a potion of might for 52 gold pieces
  5817 | D:5      | Bought a potion of enlightenment for 65 gold pieces
  5859 | D:5      | Reached skill level 1 in Evocations
  5870 | D:5      | Found a radiant altar of Vehumet.
  5891 | D:5      | Noticed Edmund
  5922 | D:5      | Killed Edmund
  5923 | D:5      | Reached skill level 2 in Evocations
  5923 | D:5      | Reached XP level 8. HP: 24/41 MP: 10/13
  5931 | D:5      | Became a worshipper of Vehumet
  6211 | D:6      | Noticed Menkaure
  6213 | D:6      | Killed Menkaure
  6214 | D:6      | Reached skill level 7 in Poison Magic
  6361 | D:6      | Noticed Eustachio
  6384 | D:6      | Killed Eustachio
  6489 | D:6      | Reached skill level 8 in Poison Magic
  6563 | D:6      | Found a runed translucent gate.
  6563 | D:6      | Found a runed translucent gate.
  6563 | D:6      | Found a runed translucent gate.
  6566 | D:6      | Noticed Dittersdorf's ghost (novice GrFi)
  6582 | D:6      | Reached skill level 1 in Fighting
  6789 | D:6      | Noticed Jeremiah
  6833 | D:6      | Reached skill level 2 in Fighting
  6834 | D:6      | Reached skill level 4 in Dodging
  6842 | D:6      | HP: 4/44 [water moccasin (1)]
  6852 | D:6      | Reached skill level 5 in Stealth
  7035 | D:6      | Killed Jeremiah
  7036 | D:6      | Reached skill level 3 in Fighting
  7036 | D:6      | Reached skill level 5 in Dodging
  7036 | D:6      | Reached XP level 9. HP: 52/52 MP: 6/14
  7067 | D:6      | Reached skill level 4 in Fighting
  7140 | D:6      | Reached skill level 5 in Fighting
  7140 | D:6      | Reached skill level 1 in Transmutations
  7141 | D:6      | Noticed a boulder beetle
  7326 | D:7      | Reached * piety under Vehumet
  7326 | D:7      | Offered knowledge of Sandblast by Vehumet.
  7373 | D:7      | Found a runed translucent door.
  7552 | D:7      | Reached skill level 3 in Evocations
  7687 | D:7      | Reached skill level 4 in Spellcasting
  7754 | D:7      | Reached skill level 4 in Evocations
  7863 | D:7      | Found Riham's Magic Scroll Boutique.
  7887 | D:7      | Bought a scroll of identify for 30 gold pieces
  7887 | D:7      | Bought a scroll of identify for 30 gold pieces
  7887 | D:7      | Bought a scroll of identify for 30 gold pieces
  8345 | D:7      | Found a staircase to the Ecumenical Temple.
  8407 | Temple   | Entered the Ecumenical Temple
  8469 | D:7      | Noticed Crazy Yiuf
  8482 | D:7      | Killed Crazy Yiuf
  8483 | D:7      | Reached skill level 6 in Dodging
  8530 | D:8      | Offered knowledge of Scorch by Vehumet.
  8531 | D:8      | Reached XP level 10. HP: 58/59 MP: 17/17
  8610 | D:8      | Reached ** piety under Vehumet
  8625 | D:8      | Reached skill level 9 in Poison Magic
  8708 | D:8      | Reached skill level 6 in Fighting
  8961 | D:8      | Found a stormy altar of Qazlal.
  9028 | D:8      | Found a shimmering altar of Xom.
  9835 | D:6      | Reached skill level 10 in Poison Magic
  9948 | D:6      | Killed a boulder beetle
 10217 | D:5      | Killed knightboat's ghost
 10363 | D:9      | Noticed a kobold demonologist
 10372 | D:9      | Noticed an orange demon
 10372 | D:9      | Killed a kobold demonologist
 10390 | D:9      | Found a runed translucent gate.
 10390 | D:9      | Found a runed translucent gate.
 10390 | D:9      | Found a runed translucent gate.
 10394 | D:9      | Noticed scionoferis's ghost (novice HOMo)
 10415 | D:9      | Found a staircase to the Orcish Mines.
 10739 | D:9      | Reached skill level 7 in Dodging
 10925 | D:9      | Learned a level 3 spell: Ignite Poison
 11038 | D:9      | Found an opulent altar of Gozag.
 11144 | D:9      | Found a viscous altar of Jiyva.
 11164 | D:10     | Entered Level 10 of the Dungeon
 11165 | D:10     | Offered knowledge of Searing Ray by Vehumet.
 11171 | D:10     | Reached skill level 1 in Fire Magic
 11176 | D:10     | Reached XP level 11. HP: 50/66 MP: 5/18
 11205 | D:9      | Reached skill level 2 in Transmutations
 11205 | D:9      | Reached skill level 2 in Fire Magic
 11289 | D:9      | Mangled by a troll

Vanquished Creatures
  A boulder beetle (D:6)
  Jeremiah (D:6)
  A kobold demonologist (D:9)
  A troll (D:5)
  Grinder (D:5)
  The ghost of knightboat the Cutter, an amateur VSBr (D:5)
  Eustachio (D:6)
  5 yaks
  A vampire mosquito (D:6)
  A steam dragon (D:9)
  Menkaure (D:6)
  Edmund (D:5)
  3 water moccasins
  3 orc warriors
  4 ogres
  3 centaurs
  A kobold brigand (D:7)
  5 bullfrogs
  A gnoll sergeant (D:8)
  4 scorpions (D:6)
  11 wights
  3 killer bees (D:8)
  4 howler monkeys
  Crazy Yiuf (D:7)
  4 orc priests
  4 hounds
  2 jellies (D:6)
  2 gnoll boudas
  3 iguanas
  6 orc wizards
  20 gnolls
  6 adders
  2 white imps
  An ufetubus (D:6)
  A worm (D:3)
  2 dart slugs
  26 orcs
  4 ball pythons
  11 endoplasms
  4 giant cockroaches
  5 hobgoblins
  4 jackals (D:1)
  5 quokkas
  8 bats
  2 frilled lizards
  5 goblins
  10 kobolds
  4 rats
200 creatures vanquished.

Table legend: (Time is in decaauts)
 A = Elapsed time spent in this place.
 B = Non-inter-level travel time spent in this place.
 C = Inter-level travel time spent in this place.
 D = Time resting spent in this place.
 E = Time spent auto-exploring this place.
 F = Levels seen in this place.
 G = Mean time per level.
                   A        B        C        D        E       F      G
               +--------+--------+--------+--------+--------+-----+--------+
         Total |  11316 |  10560 |    756 |   1081 |   7199 |  11 | 1028.7 |
       Dungeon |  11314 |  10559 |    755 |   1081 |   7199 |  10 | 1131.4 |
        Temple |      1 |      1 |      0 |      0 |      0 |   1 |    1.0 |
               +--------+--------+--------+--------+--------+-----+--------+

Top non-repeatable levels by time:
     D:5: 1705 daAuts
     D:1: 1555 daAuts
     D:2: 1551 daAuts
     D:6: 1441 daAuts
     D:7: 1427 daAuts
     D:3: 1238 daAuts
     D:9: 922 daAuts
     D:8: 789 daAuts
     D:4: 663 daAuts
    D:10: 20 daAuts
  Temple: 1 daAuts

Table legend:
 A = Non-vault XP
 B = Vault XP
 C = Vault XP percentage of total XP
 D = Non-vault monster count
 E = Vault monster count
 F = Vault count percentage of total count
                 A         B        C        D         E       F
            +---------+---------+-------+---------+---------+-------
      Total |    6540 |    2933 |  31.0 |     183 |      17 |   8.5
            +---------+---------+-------+---------+---------+-------
        D:1 |      55 |       0 |   0.0 |      32 |       0 |   0.0
        D:2 |      96 |       0 |   0.0 |      15 |       0 |   0.0
        D:3 |      75 |       5 |   6.2 |      17 |       2 |  10.5
        D:4 |     159 |       0 |   0.0 |      10 |       0 |   0.0
        D:5 |     698 |     755 |  52.0 |      16 |       5 |  23.8
        D:6 |    1285 |    2129 |  62.4 |      25 |       9 |  26.5
        D:7 |    1299 |      44 |   3.3 |      30 |       1 |   3.2
        D:8 |     971 |       0 |   0.0 |      21 |       0 |   0.0
        D:9 |    1135 |       0 |   0.0 |      10 |       0 |   0.0
       D:10 |     767 |       0 |   0.0 |       7 |       0 |   0.0
            +---------+---------+-------+---------+---------+-------

Levels and vault maps discovered:
D:1:      saegor_arrival_fortress, layout_loops_ring
D:2:      layout_basic, dreamdust_ecumenical_altar_grove, serial_bayou_crossing
D:3:      layout_basic, nemelex_dance_club_becter, old_standard_altar,
          mainiacjoe_overflow_small_starburst
D:4:      layout_basic, mainiacjoe_overflow_alcove_4,
          amcnicky_mini_rare_corridor_liquid
D:5:      layout_loops_corners, nicolae_overflow_hidden_temple,
          lemuel_doored_altar, mainiacjoe_overflow_concentric_impassable,
          ebering_ghost_sewer_d, serial_shops, shop, uniq_grinder, uniq_edmund
D:6:      minmay_chambers_of_sixes, layout_cave_pods, serial_column_ruins,
          column_ruins_corridor_corner, column_ruins_corridor_dead_end,
          column_ruins_open_tiny, column_ruins_open_small,
          column_ruins_corridor_straight, biasface_ghost_orc_armoury,
          uniq_eustachio, uniq_jeremiah, uniq_menkaure
D:7:      layout_basic, minmay_temple_entry_nine_rooms, serial_shops, shop,
          minivault_25, uniq_crazy_yiuf_cottage
D:8:      layout_basic, nicolae_qazlal_scattered_showers, lemuel_round_altar
D:9:      layout_irregular_city, old_standard_altar, orc_0_dummy,
          gammafunk_ghost_ooze
D:10:     minmay_four_partial_circles, layout_long_grid, serial_rivers,
          chequers_serial_rivers_micro_c, chequers_serial_rivers_small_3,
          chequers_serial_rivers_micro_e, chequers_serial_rivers_large_b,
          chequers_serial_rivers_micro_d, ebering_ghost_disaster_area
Temple:   nicolae_temple_bog_church
